 Dungeon Crawl Stone Soup version 0.31-a0-188-g5e087ee2ca (webtiles) character file.

Game seed: 16984519259692187366

127 qw the Skirmisher (level 4, 0/25 HPs)
             Began as a Deep Elf Hunter on June 23, 2023.
             Killed by divine providence
             ... invoked by an orc priest
              (10 damage)
             ... on level 3 of the Dungeon.
             The game lasted 00:00:49 (2349 turns).

qw the Skirmisher (Deep Elf Hunter)                 Turns: 2349, Time: 00:00:49

Health: 0/25       AC: 11    Str: 10    XL:     4   Next: 85%
Magic:  6/6        EV:  9    Int: 14    God:
Gold:   152        SH:  0    Dex: 18    Spells: 3/3 levels left

rFire   . . .        Y - +0 shortbow
rCold   . . .        (shield currently unavailable)
rNeg    + . .        l - +3 scale mail {rN+}
rPois   .            m - +1 helmet
rElec   .            (no cloak)
rCorr   +            (no gloves)
SInv    .            (no boots)
Will    .....        f - amulet of the acrobat
Stlth   +            g - ring of resist corrosion
HPRegen 0.24/turn    (no ring)
MPRegen 0.10/turn

%: acrobat
@: no status effects
A: no striking features
a: no special abilities


You were on level 3 of the Dungeon.
You visited 1 branch of the dungeon, and saw 3 of its levels.

You collected 152 gold pieces.


   Skills:
 - Level 1.5 Fighting
 + Level 8.3 Ranged Weapons
 - Level 2.4 Dodging
 - Level 1.2 Stealth


You had 3 spell levels left.
You didn't know any spells.
Your spell library was empty.

Inventory:

Hand Weapons
 Y - a +0 shortbow (weapon)
Armour
 c - the +1 ring mail of Zin's Hope {Rampage +Inv Will+}
   (You found it on level 2 of the Dungeon)

   +Inv:      It lets you turn invisible.
   Rampage:   It bestows one free step when moving towards enemies.
   Will:      It increases your willpower.
 l - a +3 scale mail of positive energy (worn)
 m - a +1 helmet (worn)
Jewellery
 f - an amulet of the acrobat (around neck)
 g - a ring of resist corrosion (left hand)
 h - a ring of protection from fire
Scrolls
 n - a scroll of identify
Potions
 a - a potion of enlightenment
 b - 3 potions of heal wounds
 d - a potion of mutation {unknown}
 e - a potion of might {unknown}
 i - a potion of curing
 j - a potion of degeneration {unknown}
 k - a potion of resistance {unknown}

Dungeon Overview and Level Annotations

Branches:
Dungeon (3/15)

Altars:

Annotations:
D:2 1 runed translucent door, Crazy Yiuf


Message History

The orc priest casts a cantrip, but nothing happens.
You shoot an arrow. The arrow hits the orc.
You kill the orc!
The orc priest closely misses you.
You shoot an arrow.
The arrow completely misses the orc priest.
The orc priest miscasts a cantrip.
You shoot an arrow. The arrow hits the orc priest.
The orc priest is moderately wounded.
The orc priest misses you. The orc priest barely misses you.
You shoot an arrow.
The arrow closely misses the orc priest.
The orc priest closely misses you.
You shoot an arrow.
The arrow hits the orc priest but does no damage.
The orc priest is moderately wounded.
The orc priest hits you but does no damage.
You shoot an arrow. The arrow barely misses the orc priest.
The orc priest hits you with a +0 club.
You shoot an arrow.
The arrow closely misses the orc priest.
The orc priest miscasts a cantrip.
The orc priest barely misses you.
You shoot an arrow.
The arrow hits the orc priest but does no damage.
The orc priest is moderately wounded.
The orc priest hits you with a +0 club.
You shoot an arrow.
The arrow completely misses the orc priest.
The orc priest miscasts a cantrip.
You shoot an arrow. The arrow hits the orc priest.
The orc priest is heavily wounded.
The orc priest hits you but does no damage.
You shoot an arrow.
The arrow closely misses the orc priest.
The orc priest mumbles some strange prayers to Beogh against you.
Pain shoots through your body!
The orc priest invokes the aid of Beogh against you.
Beogh smites you!
You die...

##.....## #. ##
##....:..##
.>...#
#.........# #.
... +.........)
.. ..#
#.........# #.
..# ##.......##
#) #.# ##.....##
#o##.# ##...##
#)@..#
#####+#####
#.######.# #..
... ..#
#........# #.#
#.# #.#
########.#
#.###.###.# #.#
#.##...##.. #.#
#.#........ #.#
#.##...##.#
#.####.###.###.#
#..........###.#


You could see an orc priest.

Vanquished Creatures
  Jessica (D:2)
  An orc wizard (D:3)
  An adder (D:3)
  A worm (D:3)
  2 dart slugs
  5 orcs (D:3)
  4 ball pythons
  6 bats
  6 endoplasms
  3 giant cockroaches
  6 goblins
  5 hobgoblins
  3 quokkas
  2 frilled lizards
  3 kobolds
  2 rats
51 creatures vanquished.

Notes
Turn   | Place    | Note
-------+----------+-------------------------------------------
     0 | D:1      | qw the Deep Elf Hunter began the quest for the Orb.
     0 | D:1      | Reached XP level 1. HP: 12/12 MP: 3/3
     0 | D:1      | 0 ||| qw: Version: 0.3-a-9-g12657ce
     0 | D:1      | 0 ||| qw: Game counter: 3710
     0 | D:1      | 0 ||| qw: Always use a shield: true
     0 | D:1      | 0 ||| qw: God list: Okawaru
     0 | D:1      | 0 ||| qw: Allow faded altars: false
     0 | D:1      | 0 ||| qw: Do Orc after D:15 true
     0 | D:1      | 0 ||| qw: Do second Lair branch before Depths: true
     0 | D:1      | 0 ||| qw: Lair rune preference: random
     0 | D:1      | 0 ||| qw: Plans: Normal
     0 | D:1      | 0 ||| PLANNING D:1-11
   187 | D:1      | Reached XP level 2. HP: 16/16 MP: 4/4
   226 | D:1      | Reached skill level 6 in Ranged Weapons
   815 | D:1      | 815 ||| UPGRADING to +0 ring mail.
   825 | D:1      | 825 ||| DROPPING +0 leather armour.
   826 | D:1      | 826 ||| UPGRADING to +3 scale mail of positive energy.
   836 | D:1      | 836 ||| DROPPING +0 ring mail.
   837 | D:1      | 837 ||| UPGRADING to amulet of the acrobat.
   842 | D:1      | 842 ||| READING scroll labelled WUWUMUDARE.
   843 | D:1      | 843 ||| READING scroll labelled JOISMI NICOS.
   844 | D:1      | 844 ||| DROPPING scroll of butterflies.
   928 | D:2      | Identified the +1 ring mail of Zin's Hope {Rampage +Inv
                  | Will+}
  1025 | D:2      | Noticed Jessica
  1030 | D:2      | Killed Jessica
  1031 | D:2      | Reached skill level 7 in Ranged Weapons
  1031 | D:2      | Reached XP level 3. HP: 14/20 MP: 5/5
  1434 | D:2      | Found a runed translucent door.
  1435 | D:2      | Noticed Crazy Yiuf
  1610 | D:2      | 1610 ||| UPGRADING to +1 helmet.
  1615 | D:2      | 1615 ||| UPGRADING to ring of resist corrosion.
  1616 | D:2      | 1616 ||| READING scroll labelled QYNEAWK MOYTA.
  1617 | D:2      | 1617 ||| READING scroll labelled UMEICOSICU.
  1618 | D:2      | 1618 ||| DRINKING 2 grey potions.
  1619 | D:2      | 1619 ||| DRINKING 2 blue potions.
  1620 | D:2      | 1620 ||| DRINKING 2 bubbling clear potions.
  1802 | D:3      | Reached XP level 4. HP: 25/25 MP: 6/6
  2325 | D:3      | 2325 ||| DRINKING 2 potions of curing.
  2325 | D:3      | 2325 ||| (to cure confusion)
  2329 | D:3      | Reached skill level 8 in Ranged Weapons
  2349 | D:3      | Killed from afar by an orc priest

Levels and vault maps discovered:
D:1:      dpeg_chamrin_arrival_tetris, layout_basic, st_stairs_4,
          minmay_misc_feat_four_crosses, chequers_arboretum,
          minmay_tree_intersection, minmay_liquid_box
D:2:      layout_loops_ring, minmay_tromino_mix6, uniq_crazy_yiuf_cottage,
          uniq_jessica
D:3:      wad_river_or_something, layout_loops_corners

Skill      XL: |  1  2  3  4 |
---------------+-------------+-----
Ranged Weapons | 7 8 |  8.3
Fighting       | |  1.5
Dodging        | |  2.4
Stealth        | |  1.2

Action                     |  1- 3 |  4- 6 || total
---------------------------+-------+-------++-------
   Fire: Shortbow          |   111 |    73 ||   184
    Use: Scroll            |     4 |       ||     4
         Potion            |     3 |     1 ||     4
 Armour: Scale mail        |    36 |    30 ||    66
         Leather armour    |     2 |       ||     2
  Dodge: Dodged            |    22 |    16 ||    38

Table legend:
 A = Non-vault XP
 B = Vault XP
 C = Vault XP percentage of total XP
 D = Non-vault monster count
 E = Vault monster count
 F = Vault count percentage of total count
                 A         B        C        D         E       F
            +---------+---------+-------+---------+---------+-------
      Total |     103 |      79 |  43.4 |      37 |      14 |  27.5
            +---------+---------+-------+---------+---------+-------
        D:1 |      26 |       4 |  13.3 |      13 |       2 |  13.3
        D:2 |      17 |      40 |  70.2 |      10 |       3 |  23.1
        D:3 |      60 |      35 |  36.8 |      14 |       9 |  39.1
            +---------+---------+-------+---------+---------+-------
